Map: Overgrown Facility

Players

Michael

  • Race: Zerg Zerg
  • League: Gold
  • Spawn Location: 3:00

MonstroTown

  • Race: Terran Terran
  • Spawn Location: 1:00

Tex

  • Race: Zerg Zerg
  • League: Platinum
  • Spawn Location: 7:00

Kevin

  • Race: Protoss Protoss
  • Spawn Location: 9:00

VOD

Have the link to the VOD?

Description

Time

  • Played on: Sept. 29, 2018, 1:02 a.m.
  • Length: 15:46
Show
View Real Time Build Order
Export as new Build Order

Michael Zerg 

Build Orders: Hatch First, Swarm Host 

Get SALT Encoding   

  12  0:00  Drone  
  13  0:12  Overlord  
  13  0:17  Drone  
  14  0:31  Drone x2  
  14  0:34  Drone  
  17  0:45  Drone  
  18  0:57  Hatchery  
  18  1:00  Drone  
  18  1:06  Extractor  
  17  1:16  Spawning Pool  
  16  1:19  Drone  
  16  1:23  Drone  
  18  1:28  Drone  
  19  1:39  Drone  
  20  1:49  Overlord  
  20  2:03  Queen  
  20  2:07  Drone  
  23  2:08  Extractor  
  23  2:09  Queen  
  23  2:13  Zergling x4  
  26  2:25  Drone x2  
  28  2:32  Drone  
  28  2:35  Drone  
  30  2:49  Queen  
  30  2:50  Queen  
  34  3:03  Hatchery  
  32  3:05  Overlord  
  32  3:16  Evolution Chamber  
  32  3:19  Drone x3  
  34  3:36  Drone  
  34  3:37  Drone x3  
  34  3:38  Drone x2  
  34  3:39  Drone  
  41  3:42  Drone  
  42  3:51  Drone  
  42  3:52  Drone  
  44  3:56  Overlord x2  
  44  4:03  Lair  
  44  4:12  Roach Warren  
  44  4:15  Zerg Ground Armor Level 1  
  41  4:23  Zergling x8  
  45  4:24  Zergling x2  
  45  4:26  Zergling x2  
  49  4:39  Overlord  
  49  4:42  Zergling x8  
  49  4:44  Metabolic Boost  
  53  4:55  Roach  
  53  4:56  Roach x4  
  61  5:05  Overlord  
  61  5:08  Roach  
  61  5:12  Drone x2  
  51  5:39  Zergling x10  
  56  5:44  Drone  
  56  5:45  Drone x7  
  56  5:48  Drone  
  56  5:49  Drone x2  
  67  5:53  Spine Crawler  
  67  5:54  Spore Crawler  
  67  5:55  Drone  
  67  5:56  Drone x4  
  70  6:01  Queen x2  
  70  6:04  Spine Crawler  
  73  6:07  Burrow  
  73  6:15  Spore Crawler  
  73  6:17  Drone x2  
  74  6:24  Extractor x2, Overlord x4  
  74  6:25  Overlord  
  72  6:36  Drone x2  
  72  6:38  Extractor x2  
  72  6:40  Drone  
  72  6:42  Drone x2  
  72  6:44  Drone x3  
  78  6:56  Hydralisk Den  
  78  6:58  Glial Reconstitution  
  77  7:01  Zerg Missile Weapons Level 1  
  77  7:04  Drone x3  
  80  7:17  Drone  
  80  7:18  Drone x2  
  80  7:22  Spore Crawler x3  
  80  7:23  Drone x3  
  80  7:24  Spore Crawler  
  80  7:29  Spine Crawler x2  
  80  7:30  Drone, Spine Crawler  
  80  7:31  Spine Crawler  
  80  7:34  Drone x2  
  80  7:35  Drone  
  82  7:38  Drone x2  
  82  7:39  Drone  
  85  7:45  Hydralisk  
  85  7:46  Hydralisk x2  
  85  7:48  Hatchery  
  85  7:49  Hydralisk  
  92  7:57  Muscular Augments  
  92  8:16  Infestation Pit  
  91  8:39  Spore Crawler x2  
  91  8:40  Drone x3  
  91  8:41  Drone, Spine Crawler  
  93  8:42  Spine Crawler  
  91  8:55  Zerg Ground Armor Level 2  
  91  8:56  Roach x5  
  91  8:57  Roach x2  
  91  8:58  Overlord x7  
  91  8:59  Overlord  
  105  9:05  Queen  
  105  9:07  Overlord  
  105  9:08  Overlord  
  105  9:09  Grooved Spines  
  107  9:10  Hydralisk  
  109  9:24  Hive  
  124  10:01  Drone  
  124  10:02  Drone x13  
  138  10:19  Swarm Host  
  138  10:20  Swarm Host x5  
  168  10:22  Hydralisk  
  92  10:58  Roach  
  92  10:59  Roach x9  
  95  11:11  Zerg Missile Weapons Level 2  
  91  11:14  Spine Crawler  
  91  11:15  Spine Crawler  
  91  11:17  Spine Crawler  
  88  11:18  Spine Crawler  
  88  11:19  Spine Crawler  
  88  11:24  Spore Crawler  
  85  11:32  Swarm Host x2  
  85  11:33  Swarm Host x4  
  103  11:52  Overlord x2  
  103  11:53  Hatchery  
  102  12:05  Overseer x2  
  102  12:07  Pneumatized Carapace  
  102  12:08  Swarm Host  
  105  12:33  Hatchery  
  104  12:38  Hatchery  
  103  12:47  Hatchery  
  117  13:08  Roach x9  
  112  14:31  Roach x10  
Show
View Real Time Build Order
Export as new Build Order

MonstroTown Terran 

Build Orders: Reaper Expand 

Get SALT Encoding   

  12  0:00  SCV  
  13  0:15  Supply Depot  
  13  0:18  SCV  
  14  0:30  SCV  
  15  0:37  Barracks  
  15  0:42  SCV  
  16  0:47  Refinery  
  16  0:54  SCV  
  17  1:06  SCV  
  18  1:25  Orbital Command  
  18  1:31  Reaper  
  19  1:42  Command Center  
  19  1:52  SCV  
  20  1:55  Refinery  
  20  2:03  Supply Depot  
  20  2:04  SCV  
  21  2:25  SCV  
  22  2:41  Marine  
  23  2:57  Factory  
  22  2:59  Marine  
  22  3:04  Command Center  
  22  3:07  Bunker  
  22  3:08  SCV  
  22  3:12  Orbital Command  
  23  3:20  SCV  
  24  3:31  Barracks Reactor  
  24  3:40  SCV x2  
  25  3:52  SCV  
  25  3:55  Factory Tech Lab  
  26  3:57  Starport  
  26  4:01  SCV, Barracks  
  26  4:02  Engineering Bay  
  27  4:06  Marine  
  27  4:07  Marine  
  29  4:17  Siege Tank  
  32  4:26  Bunker  
  32  4:41  Marine x2  
  32  4:44  Missile Turret, SCV x2  
  36  4:47  Medivac  
  38  4:56  SCV x2  
  40  5:00  Marine  
  40  5:01  Marine x2  
  40  5:02  Siege Tank  
  46  5:18  Marine x2  
  44  5:38  Terran Infantry Weapons Level 1  
  44  5:39  SCV  
  44  5:40  SCV  
  44  5:41  Starport Reactor  
  46  5:44  Orbital Command  
  46  5:47  Marine x3  
  49  5:54  SCV x2  
  49  5:56  Barracks  
  51  5:59  Engineering Bay, Barracks x2  
  51  6:05  Supply Depot  
  51  6:06  SCV, Refinery  
  51  6:09  SCV  
  51  6:10  SCV  
  54  6:18  SCV  
  55  6:20  Missile Turret  
  55  6:21  SCV  
  55  6:22  SCV  
  57  6:32  Supply Depot  
  57  6:35  SCV  
  57  6:38  Barracks Tech Lab  
  58  6:41  Siege Tank  
  58  6:42  Medivac x2  
  65  6:56  Marine x2  
  65  6:57  Barracks Tech Lab  
  65  7:00  Stimpack  
  67  7:01  Barracks Tech Lab x2  
  67  7:04  Marine  
  68  7:14  Supply Depot, Marine  
  69  7:35  Marine x3  
  69  7:36  Marauder x3  
  78  7:37  Siege Tank  
  78  7:39  Terran Infantry Armor Level 1  
  78  7:43  Armory  
  81  7:47  Factory  
  81  7:49  Barracks  
  81  7:51  Refinery, Barracks  
  81  7:57  Refinery  
  81  7:58  SCV x3  
  84  8:00  Refinery  
  84  8:04  Supply Depot  
  84  8:05  Supply Depot, Marine  
  84  8:12  Supply Depot  
  85  8:25  Marine x3  
  85  8:26  SCV x3, Marauder, Marine x2  
  95  8:31  Terran Infantry Weapons Level 2  
  95  8:38  SCV  
  96  8:44  Marauder x2  
  96  8:46  Marine x3  
  96  8:47  Marine  
  104  8:49  Medivac x2  
  104  8:50  SCV  
  104  8:55  SCV  
  109  8:56  SCV, Supply Depot  
  109  8:58  Supply Depot  
  109  8:59  Supply Depot  
  109  9:02  SCV  
  102  9:04  Marine x3  
  102  9:05  Marauder, Marine  
  102  9:07  SCV  
  109  9:10  Missile Turret  
  109  9:15  SCV x2, Marauder  
  113  9:19  SCV  
  113  9:22  Marine x3  
  113  9:23  Marine  
  118  9:26  Marine  
  118  9:28  Barracks  
  118  9:29  Barracks  
  118  9:30  SCV x2  
  118  9:31  SCV, Barracks  
  122  9:38  Barracks  
  122  9:53  Marine x2  
  122  9:55  Medivac x2  
  122  9:57  Thor  
  136  10:00  Marauder, Marine x2  
  136  10:01  SCV  
  136  10:03  Sensor Tower  
  139  10:10  Terran Infantry Armor Level 2  
  139  10:14  Terran Vehicle Weapons Level 1  
  139  10:19  Barracks Reactor x4  
  114  11:12  Marine x2  
  114  11:13  Marine x4  
  114  11:14  Marine x4  
  99  11:28  Marine x2  
  99  11:29  Marine x2  
  99  11:30  Marine x3  
  99  11:31  Marine x5  
  99  11:32  Marine x2  
  103  11:36  Medivac x2  
  103  11:37  Siege Tank  
  110  11:45  Terran Infantry Weapons Level 3  
  110  11:46  Marine x2  
  110  11:47  Marine  
  113  11:49  Barracks  
  113  11:50  Barracks  
  113  11:52  Barracks Reactor, Barracks  
  113  11:56  Marine x2  
  113  11:57  Marine x8  
  123  12:04  Supply Depot, Marine  
  123  12:05  Supply Depot  
  123  12:08  Supply Depot  
  124  12:11  Supply Depot  
  124  12:12  Siege Tank, Medivac x2  
  131  12:20  Marine  
  131  12:21  Marine x6  
  138  12:28  Supply Depot  
  138  12:32  Supply Depot  
  138  12:33  Supply Depot  
  138  12:51  Siege Tank  
  138  12:52  Medivac x2  
  138  12:54  Marine x2  
  138  12:55  Marine x11  
  116  13:47  Marine x3  
  116  13:48  Marine x9  
  96  13:49  Marine x6  
  96  13:53  Viking x2  
  100  14:05  Marine x4  
  100  14:07  Marauder  
  101  14:15  Marine  
  101  14:16  Marine x3  
  102  14:23  Viking  
  93  14:26  Marine x3  
  93  14:27  Marine  
  88  14:31  Siege Tank  
  88  14:37  Viking  
  88  14:51  Marine x3  
  88  14:52  Marine x3  
  81  15:04  Marine  
  69  15:09  Marine x4  
  72  15:18  Marine x2  
  56  15:22  Marine  
  56  15:27  Marine  
Show
View Real Time Build Order
Export as new Build Order

Tex Zerg 

Build Orders: Hatch First 

Get SALT Encoding   

  12  0:01  Drone  
  13  0:13  Overlord  
  13  0:18  Drone  
  14  0:24  Extractor  
  13  0:31  Drone  
  14  0:37  Drone x2  
  16  0:46  Drone  
  17  1:04  Hatchery  
  16  1:16  Spawning Pool  
  15  1:19  Drone  
  15  1:22  Drone  
  17  1:27  Drone  
  18  1:39  Drone  
  19  1:46  Drone  
  20  1:56  Overlord  
  20  2:05  Roach Warren  
  20  2:06  Queen  
  21  2:19  Queen  
  21  2:21  Drone  
  24  2:36  Drone  
  25  2:40  Drone x2  
  27  2:47  Roach x2  
  33  2:51  Roach  
  33  3:00  Drone x2  
  33  3:04  Overlord  
  35  3:12  Overlord  
  35  3:15  Lair  
  35  3:27  Roach x2  
  35  3:28  Roach  
  41  3:34  Drone x4  
  41  3:35  Drone  
  46  3:49  Roach x2  
  46  3:54  Queen  
  52  3:57  Overlord x2  
  52  4:14  Glial Reconstitution  
  52  4:18  Extractor  
  52  4:19  Drone x3  
  54  4:33  Queen  
  54  4:38  Hydralisk Den  
  55  4:40  Drone x5  
  55  4:41  Drone  
  61  4:50  Overlord x3  
  61  5:05  Ravager x2  
  50  5:40  Roach  
  50  5:41  Roach x5  
  57  5:49  Extractor  
  56  5:51  Extractor  
  56  5:53  Drone x3  
  56  5:55  Drone x3  
  61  5:57  Overlord x2  
  61  6:15  Muscular Augments  
  61  6:18  Hatchery, Roach x5  
  70  6:29  Drone  
  70  6:31  Roach  
  70  6:32  Roach x3  
  79  6:38  Evolution Chamber  
  78  6:42  Evolution Chamber  
  78  6:44  Hydralisk x4  
  85  6:58  Hydralisk x2  
  89  7:06  Drone x4  
  93  7:12  Ravager x2  
  93  7:13  Ravager  
  96  7:21  Zerg Missile Weapons Level 1  
  96  7:34  Roach x5  
  106  7:42  Drone x4  
  106  7:43  Drone x3  
  113  7:46  Overlord x2  
  113  7:52  Zerg Ground Armor Level 1  
  113  7:58  Overlord x4  
  113  8:00  Pneumatized Carapace  
  113  8:13  Grooved Spines  
  113  8:17  Extractor  
  112  8:21  Extractor  
  112  8:22  Drone x3  
  112  8:23  Queen  
  116  8:33  Hydralisk  
  116  8:34  Hydralisk x4  
  126  8:45  Hydralisk x4  
  134  8:59  Queen  
  136  9:12  Infestation Pit  
  135  9:23  Drone x3  
  138  9:26  Overlord x2  
  138  9:27  Overlord x4  
  138  9:31  Overseer x2  
  138  9:32  Overseer x2  
  138  9:38  Hydralisk  
  138  9:39  Hydralisk x6  
  138  9:40  Hydralisk x2  
  156  9:52  Hive  
  156  10:08  Zerg Missile Weapons Level 2  
  77  12:12  Roach x6  
  77  12:13  Roach x7  
  77  12:14  Roach x5  
  110  12:16  Zerg Ground Armor Level 2  
  110  12:27  Ultralisk Cavern  
  110  12:28  Hydralisk x5  
  110  12:29  Hydralisk x7  
  125  12:30  Hydralisk x4  
  125  12:31  Viper x3  
  150  12:47  Drone x2  
  150  12:48  Drone x6  
  158  12:57  Ravager  
  158  12:58  Ravager x6  
  165  13:09  Zerg Melee Weapons Level 1  
  136  14:01  Overseer x2  
  136  14:06  Hydralisk x3  
  136  14:07  Hydralisk x6  
  136  14:08  Hydralisk x4  
  162  14:11  Chitinous Plating  
  134  15:19  Hydralisk x5  
  134  15:20  Hydralisk x5  
  144  15:23  Overlord  
  144  15:24  Overlord x5  
  158  15:42  Hatchery  
Show
View Real Time Build Order
Export as new Build Order

Kevin Protoss 

Build Orders:  

Get SALT Encoding   

  12  0:01  Probe  
  13  0:13  Probe  
  14  0:21  Probe  
  14  0:23  Pylon  
  15  0:39  Probe  
  16  0:43  Gateway  
  16  0:51  Probe  
  16  0:52  Assimilator  
  17  1:03  Probe, Pylon  
  18  1:15  Probe  
  19  1:27  Probe  
  19  1:31  Cybernetics Core  
  20  1:34  Forge  
  20  1:38  Assimilator  
  20  1:39  Probe  
  21  1:48  Gateway  
  21  2:10  Photon Cannon  
  21  2:13  Warp Gate  
  21  2:15  Stalker  
  21  2:17  Probe  
  24  2:25  Probe  
  25  2:32  Stalker  
  26  2:58  Probe  
  27  3:09  Nexus  
  27  3:14  Protoss Ground Weapons Level 1  
  27  3:22  Pylon  
  27  3:40  Stalker  
  27  3:41  Stalker  
  31  3:50  Probe  
  32  3:57  Pylon  
  32  4:03  Probe  
  32  4:05  Photon Cannon  
  33  4:28  Probe  
  34  4:34  Twilight Council  
  34  4:36  Pylon  
  34  4:39  Probe  
  34  4:40  Gateway  
  35  4:47  Probe  
  35  4:52  Probe  
  36  4:55  Probe  
  38  5:00  Probe  
  38  5:03  Stalker  
  41  5:10  Probe  
  41  5:13  Stalker  
  42  5:34  Blink  
  36  5:43  Probe  
  36  5:47  Stalker, Gateway  
  36  5:48  Stalker  
  41  5:52  Robotics Facility  
  41  5:54  Probe  
  41  5:55  Probe  
  43  6:03  Robotics Facility  
  43  6:04  Probe  
  44  6:12  Probe  
  44  6:17  Assimilator  
  45  6:18  Assimilator  
  45  6:20  Probe  
  46  6:26  Zealot  
  46  6:28  Probe  
  46  6:31  Pylon  
  49  6:35  Stalker  
  49  6:37  Protoss Ground Armor Level 1  
  49  6:39  Probe  
  51  6:40  Observer  
  53  6:51  Probe  
  54  7:00  Stalker  
  60  7:01  Immortal  
  60  7:03  Probe  
  61  7:09  Forge  
  61  7:12  Robotics Bay  
  61  7:23  Probe  
  61  7:25  Immortal  
  61  7:26  Probe  
  66  7:31  Probe  
  66  7:34  Probe  
  69  7:49  Stalker x4  
  77  7:57  Pylon  
  77  8:00  Extended Thermal Lance  
  77  8:03  Protoss Ground Weapons Level 2  
  77  8:26  Nexus  
  77  8:27  Colossus  
  83  8:40  Colossus  
  80  9:08  Probe  
  80  9:16  Probe  
  81  9:23  Stalker x2  
  86  9:24  Pylon  
  86  9:29  Pylon  
  86  9:31  Pylon  
  86  9:36  Pylon  
  86  9:37  Probe  
  87  9:42  Pylon  
  87  9:49  Probe  
  87  9:50  Stalker x2  
  92  9:55  Stalker  
  94  10:01  Probe  
  94  10:02  Probe  
  96  10:09  Probe x2  
  98  10:19  Probe  
  98  10:21  Probe  
  98  10:24  Colossus  
  106  10:31  Probe  
  106  10:33  Probe  
  108  10:43  Probe  
  109  10:55  Probe  
  60  11:14  Stalker x4  
  60  11:15  Colossus  
  60  11:18  Colossus  
  74  11:21  Assimilator  
  80  11:26  Assimilator  
  80  11:48  Gateway  
  80  11:49  Stalker  
  80  11:50  Stalker x3, Gateway  
  80  11:51  Gateway  
  88  11:57  Pylon  
  88  12:03  Pylon  
  88  12:06  Gateway  
  88  12:13  Colossus  
  88  12:14  Colossus  
  100  12:15  Stalker  
  100  12:16  Stalker x2  
  106  12:24  Stalker  
  106  12:27  Protoss Ground Weapons Level 3  
  106  12:29  Protoss Shields Level 1  
  107  12:50  Stalker x4  
  107  12:51  Probe  
  116  12:59  Probe  
  116  13:00  Probe  
  118  13:07  Stalker  
  118  13:08  Probe, Stalker x2  
  118  13:09  Probe  
  126  13:18  Probe  
  126  13:21  Probe  
  128  13:30  Probe  
  119  14:09  Observer, Colossus  
  126  14:10  Stalker x3  
  126  14:11  Stalker x5  
  138  14:54  Warp Prism  
  140  15:03  Stalker x2, Pylon  
  140  15:04  Stalker x6  
  156  15:14  Pylon  
  156  15:17  Pylon  
  156  15:30  Nexus  
Tags
 
Add a new tag
Caveats
  • Supply blocks, unpowered buildings, or Contaminate may cause inaccurate times.
  • Supply counts are checked every 10 seconds.